 Dungeon Crawl Stone Soup version 0.25.1-2-g60ff931df9 (webtiles) character file.

Game seed: 2234610263858747646

806 DogServant the Ruffian (level 7, 11/53 HPs)
             Began as a Green Draconian Transmuter on Nov 12, 2020.
             Was a Follower of Makhleb.
             Quit the game on level 6 of the Dungeon.
             The game lasted 00:09:19 (4283 turns).

DogServant the Ruffian (Green Draconian Transmuter) Turns: 4283, Time: 00:09:20

Health: 11/53      AC:  2    Str: 20    XL:     7   Next: 60%
Magic:  17/19      EV: 19    Int: 13    God:    Makhleb [*.....]
Gold:   154        SH:  0    Dex: 17    Spells: 4/10 levels left

rFire    . . .     SeeInvis .     - Unarmed
rCold    . . .     Gourm    .   (shield currently unavailable)
rNeg     . . .     Faith    .   (armour unavailable)
rPois    x         Spirit   .   (helmet currently unavailable)
rElec    .         Reflect  .   (cloak currently unavailable)
rCorr    .         Harm     .   (gloves currently unavailable)
MR       .....                  (boots currently unavailable)
Stlth    ++........             i - amulet of the acrobat
HPRegen  0.17/turn              n - ring of magical power
MPRegen  0.16/turn              v - +6 ring of strength

@: short of breath, spider-form, lightly drained
A: tiny, (breathe noxious fumes), unfitting armour, AC +6
a: End Transformation, Renounce Religion


You were on level 6 of the Dungeon.
You worshipped Makhleb.
Makhleb was aware of your devotion.
You were very hungry.
You were a venomous arachnid creature.
You visited 1 branch of the dungeon, and saw 6 of its levels.

You collected 154 gold pieces.

Inventory:

Missiles
 a - 56 arrows
 b - 32 poisoned darts (quivered)
Jewellery
 i - an amulet of the acrobat (around neck)
 m - an uncursed ring of see invisible
 n - a ring of magical power (left front leg)
 v - a +6 ring of strength (right front leg)
Wands
 t - a wand of random effects (9)
Scrolls
 d - 2 scrolls of immolation
 f - 2 scrolls of teleportation {unknown}
 r - 2 scrolls of random uselessness
Potions
 g - a potion of curing
 h - a potion of flight
 k - a potion of haste
 l - 2 potions of magic
 p - 2 potions of resistance
Comestibles
 c - 10 rations


   Skills:
 + Level 1.6(1.1) Fighting
 + Level 2.1(1.5) Dodging
 + Level 6.7(6.1) Unarmed Combat
 - Level 2.0(1.4) Spellcasting
 - Level 6.1(5.5) Transmutations


You had 4 spell levels left.
You knew the following spells:

 Your Spells              Type           Power        Failure   Level  Hunger
a - Beastly Appendage     Tmut           ###...       10%         1    ##.....
b - Sticks to Snakes      Tmut           ###.....     13%         2    ###....
c - Spider Form           Tmut/Pois      #.........   47%         3    ####...

Your spell library contained the following spells:

 Spells                   Type           Power        Failure   Level  Hunger
 Ice Form                 Ice/Tmut       #.......     83%         4    #####..
 Blade Hands              Tmut           ###.......   78%         5    ######.


Dungeon Overview and Level Annotations

Branches:
Dungeon (6/15)             Temple (0/1) D:6

Altars:
Ashenzari
Elyvilon
Makhleb
Nemelex Xobeh
Ru
Sif Muna
Trog
Uskayaw
Zin

Annotations:
D:4 Pikel


Innate Abilities, Weirdness & Mutations

((You can breathe blasts of noxious fumes.))
((Your lurid green scales are hard. (AC +6)))
You cannot fit into any form of body armour.
((Your system is resistant to poisons. (rPois)))
((You are cold-blooded and may be slowed by cold attacks.))


Message History

The centaur wields a cursed -2 shortbow.
The centaur shoots an arrow.
The arrow hits you!
You see here an arrow.
The centaur shoots an arrow.
The arrow hits you!
The orc priest is engulfed in noxious fumes.
The orc priest appears confused.
The orc priest hits you.
The centaur shoots an arrow.
The arrow hits you!
You see here 3 arrows.
The orc priest is engulfed in noxious fumes.
The orc priest appears confused.
Unknown command.
You hit the orc warrior but do no damage.
The orc warrior hits you with a +0 long sword.
* * * LOW HITPOINT WARNING * * *
You strike the helpless orc warrior from behind!
You hit the orc warrior but do no damage.
The orc warrior is poisoned.
The orc wizard casts a spell.
The orc wizard blinks!
Are you sure you want to abandon this character and quit the game? (Confirm with "yes".)

....... .#....#####
........ ..o..#...
.......# ........ ....
..# # ......# ...# #.#
#.# #.....##..
...###.###.###.......c.
#..##.......#oo......#
.........#.....(##
.......###......s#
........##......####
...................#..
..........#...........#
.........##........#..#
..##...###.............
......####.......###...
......#...(..##### ...
............### .#


You could see an orc warrior (confused, very poisoned), an orc priest (confused)
and an orc wizard.

Vanquished Creatures
  Grinder (D:5)
  A centaur (D:5)
  An ogre (D:2)
  A bullfrog (D:4)
  A wight (D:5)
  A bullfrog zombie (D:5)
  A crimson imp (D:5)
  An orc wizard (D:3)
  A worker ant zombie (D:5)
  8 adders
  An ooze (D:2)
  4 worms
  2 dart slugs
  A leopard gecko (D:5)
  6 orcs (D:3)
  A ball python (D:3)
  10 bats
  3 giant cockroaches
  7 goblins
  5 hobgoblins
  2 jackals (D:2)
  2 quokkas
  6 frilled lizards
  7 kobolds
  A quokka skeleton (D:6)
  6 rats
81 creatures vanquished.

Vanquished Creatures (collateral kills)
  A phantom (D:6)
1 creature vanquished.

Vanquished Creatures (others)
  A wizard (D:3)
1 creature vanquished.

Grand Total: 83 creatures vanquished

Notes
Turn   | Place    | Note
-------+----------+-------------------------------------------
     0 | D:1      | DogServant the Draconian Transmuter began the quest for the
                  | Orb.
     0 | D:1      | Reached XP level 1. HP: 16/16 MP: 3/3
   278 | D:1      | Reached XP level 2. HP: 23/23 MP: 3/5
   834 | D:2      | Learned a level 2 spell: Sticks to Snakes
  1064 | D:2      | Reached XP level 3. HP: 18/28 MP: 6/6
  1319 | D:2      | Found a white marble altar of Elyvilon.
  1578 | D:2      | Noticed an ogre
  1617 | D:2      | Killed an ogre
  1617 | D:2      | Reached XP level 4. HP: 9/35 MP: 7/7
  1617 | D:2      | Reached XP level 5. HP: 10/40 MP: 8/8
  1944 | D:2      | Found a burning altar of Makhleb.
  1962 | D:2      | Found a sparkling altar of Nemelex Xobeh.
  1964 | D:2      | Became a worshipper of Makhleb the Destroyer
  1967 | D:2      | Found a bloodstained altar of Trog.
  1967 | D:2      | Found a shattered altar of Ashenzari.
  1967 | D:2      | Found a glowing silver altar of Zin.
  1969 | D:2      | Found a shimmering blue altar of Sif Muna.
  1971 | D:2      | Found a hide-covered altar of Uskayaw.
  2054 | D:2      | Found a sacrificial altar of Ru.
  2210 | D:3      | Learned a level 3 spell: Spider Form
  2443 | D:3      | Found a bloodstained altar of Trog.
  2491 | D:3      | Noticed a wizard
  2494 | D:3      | Killed a wizard
  2586 | D:3      | Reached skill level 5 in Unarmed Combat
  2849 | D:3      | Reached * piety under Makhleb
  3125 | D:4      | Noticed a slave
  3125 | D:4      | Noticed a slave
  3125 | D:4      | Noticed Pikel
  3126 | D:4      | Noticed a slave
  3169 | D:4      | Noticed a slave
  3205 | D:4      | Reached XP level 6. HP: 37/47 MP: 9/9
  3229 | D:5      | Entered Level 5 of the Dungeon
  3472 | D:5      | Noticed Grinder
  3501 | D:5      | HP: 2/47 [centaur (6)]
  3506 | D:5      | Reached skill level 5 in Transmutations
  3739 | D:5      | Paralysed by Grinder for 7 turns
  3769 | D:5      | Paralysed by Grinder for 3 turns
  3779 | D:5      | Killed Grinder
  3779 | D:5      | Your scales start taking on a lurid green colour.
  3779 | D:5      | Reached XP level 7. HP: 47/52 MP: 8/10
  3779 | D:5      | Gained mutation: Your system is resistant to poisons.
                  | (rPois) [Green Draconian growth]
  4134 | D:6      | Found a staircase to the Ecumenical Temple.
  4283 | D:6      | Quit the game

Illustrated notes

Levels and vault maps discovered:
D:1:      kilobyte_arrival_exit_the_forest, layout_loops_cross,
          minmay_indecisive_spiral
D:2:      layout_loops_ring, minitemple, lemuel_crystal_altar,
          minmay_pentomino_w4
D:3:      layout_basic, trog_wizard
D:4:      layout_loops_corners, uniq_pikel
D:5:      layout_loops_ring, first_ration, hex_large, uniq_grinder, uniq_ijyb
D:6:      layout_cave_pools, lemuel_coloured_pillars_altar,
          vehumet_altar_wand_db, minmay_temple_entry_grid

Skill      XL: |  1  2  3  4  5  6  7 |
---------------+----------------------+-----
Transmutations | 3 4 5 6 |  6.1
Unarmed Combat | 4 5 6 |  6.7
Dodging        | 2 |  2.1
Fighting       | |  1.6
Spellcasting   | |  2.0

Action                   |  1- 3 |  4- 6 |  7- 9 || total
-------------------------+-------+-------+-------++-------
Melee: Unarmed           |   116 |   122 |    40 ||   278
       Headbutt          |     1 |     4 |       ||     5
       Tailslap          |    12 |     9 |     5 ||    26
       Kick              |     6 |    11 |     1 ||    18
       Punch             |     1 |     1 |     3 ||     5
Throw: Dart              |    12 |       |       ||    12
 Cast: Beastly Appendage |    15 |    18 |     3 ||    36
       Spider Form       |       |     5 |     2 ||     7
       Sticks to Snakes  |       |       |     6 ||     6
 Abil: Breathe Noxious F |       |       |     3 ||     3
Evoke: Wand              |       |    10 |       ||    10
  Use: Scroll            |     2 |    14 |     1 ||    17
       Potion            |     1 |     4 |       ||     5
 Stab: Sleeping          |       |     1 |       ||     1
       Paralysed         |       |     8 |       ||     8
       Confused          |       |       |     1 ||     1
  Eat: Chunk             |     3 |     6 |     3 ||    12
Armor: Skin              |    49 |    24 |     6 ||    79
Dodge: Dodged            |    68 |    92 |    20 ||   180
